 Dungeon Crawl Stone Soup version 0.29.1-12-g30fa7ad0bf (webtiles) character file.

Game seed: 17015009077910870469

4258 wormed the Covert (level 10, -2/53 HPs)
             Began as a Spriggan Hunter on Dec 29, 2022.
             Was an Elder of Okawaru.
             Slain by a killer bee (5 damage)
             ... on level 9 of the Dungeon.
             The game lasted 00:15:43 (9383 turns).

wormed the Covert (Spriggan Hunter)                 Turns: 9383, Time: 00:15:44

Health: -2/53      AC:  5    Str:  7    XL:     10   Next: 10%
Magic:  11/11      EV: 29    Int: 11    God:    Okawaru [****..]
Gold:   381        SH:  0    Dex: 32    Spells: 9/9 levels left

rFire   . . .      SeeInvis +   a - +0 shortbow
rCold   . . .      Faith    .   (shield currently unavailable)
rNeg    . . .      Spirit   .   k - +2 robe {Will+}
rPois   +          Reflect  .   (helmet restricted)
rElec   .          Harm     .   q - +0 cloak
rCorr   .          Rampage  .   (gloves unavailable)
Will    +++..                   (boots unavailable)
Stlth   +++++.....              (no amulet)
HPRegen 0.17/turn               m - ring of Dattur {rPois Will+ Dex+3}
MPRegen 0.12/turn               x - +6 ring of dexterity

@: lethally poisoned (-2 -> -3), very quick
A: very small, no large weapons, unfitting armour, see invisible, speed 3
a: Renounce Religion, Heroism, Finesse


You were on level 9 of the Dungeon.
You worshipped Okawaru.
Okawaru was greatly pleased with you.
You visited 1 branch of the dungeon, and saw 9 of its levels.

You collected 381 gold pieces.

Inventory:

Hand Weapons
 a - a +0 shortbow (weapon)
Armour
 k - a +2 robe of willpower (worn)
 q - a +0 cloak (worn)
 w - a +0 buckler of protection
Jewellery
 m - the ring of Dattur (left hand) {rPois Will+ Dex+3}
   (You took it off a goblin on level 2 of the Dungeon)

   [ring of willpower]

   Dex:       It affects your dexterity (+3).
   rPois:     It protects you from poison.
   Will:      It increases your willpower.
 r - a +4 ring of protection
 t - a ring of protection from cold
 x - a +6 ring of dexterity (right hand)
Wands
 l - a wand of roots (5)
Scrolls
 b - a scroll of immolation
 e - a scroll of noise {unknown}
 h - 2 scrolls of amnesia {unknown}
 i - 2 scrolls of magic mapping {unknown}
 u - a scroll of enchant weapon {unknown}
 v - 3 scrolls of identify
Potions
 c - a potion of ambrosia {unknown}
 d - a potion of brilliance {unknown}
 f - a potion of berserk rage {unknown}
 g - 5 potions of curing
 j - a potion of flight {unknown}
 n - 4 potions of degeneration {unknown}
 o - a potion of haste
 p - a potion of mutation {unknown}
 s - a potion of resistance {unknown}


   Skills:
 + Level 5.6 Fighting
 * Level 10.2 Ranged Weapons
 + Level 9.0 Dodging
 + Level 10.2 Stealth


You had 9 spell levels left.
You didn't know any spells.
Your spell library contained the following spells:

 Spells                   Type           Power      Damage    Failure   Level
 Ignite Poison            Fire/Tmut/Pois 0%         N/A       71%         3
 Mephitic Cloud           Conj/Pois/Air  0%         N/A       71%         3
 Freezing Cloud           Conj/Ice/Air   0%         6-21      100%        5


Dungeon Overview and Level Annotations

Branches:
Dungeon (9/15)             Temple (0/1) D:6
   Lair: D:8-11         Orc: D:9-12

Altars:
Cheibriados
Makhleb
Okawaru
Trog
Uskayaw
Wu Jian
Yredelemnul
Zin

Annotations:
D:7 Duvessa, Pikel


Innate Abilities, Weirdness & Mutations

You are very small and have problems with some larger weapons.
You are too small for most types of armour.
You have supernaturally acute eyesight. (SInv)
You cover ground extremely quickly. (Speed+++)


Message History

The killer bee completely misses you. The killer bee misses you.
The killer bee barely misses you. The killer bee completely misses you.
The killer bee misses you.
You shoot an arrow. The arrow hits the killer bee.
The killer bee is lightly wounded.
The killer bee completely misses you. The killer bee barely misses you.
The killer bee stings you. The killer bee misses you.
The killer bee completely misses you. x2
You shoot an arrow. The arrow misses the killer bee.
The killer bee misses you.
The killer bee completely misses you. x2; The killer bee barely misses you.
The killer bee completely misses you. x2
You shoot an arrow. The arrow misses the killer bee.
The killer bee stings you.
You are poisoned.
The killer bee poisons you!
The killer bee completely misses you. x2
You shoot an arrow. The arrow hits the killer bee.
The killer bee is moderately wounded.
You feel sick. The killer bee stings you. The killer bee stings you!
The killer bee completely misses you. x2; The killer bee stings you.
The killer bee barely misses you.
You are too injured to fight recklessly!
The killer bee attacks as you move away!
The killer bee misses you. The killer bee stings you.
The killer bee completely misses you. The killer bee barely misses you.
The killer bee stings you.
The killer bee attacks as you move away!
The killer bee misses you.
You feel sick.
The killer bee attacks as you move away!
The killer bee stings you.
* * * LOW HITPOINT WARNING * * *
The killer bee attacks as you move away!
The killer bee completely misses you.
You feel sick.
The killer bee attacks as you move away!
The killer bee stings you!
* * * LOW HITPOINT WARNING * * *
You feel sick.
The killer bee attacks as you move away!
The killer bee closely misses you. x2; The killer bee completely misses you.
The killer bee stings you.
You die...

...........###................
...........###.††.............
......)....###..:.............
..................###$........
.......)..........# #.........
..................###........#
...###......................#
... #.........yyy....<....#
...###).........@.........##
....))..)................##
....))..................##
#########################


You could see 3 killer bees.

Vanquished Creatures
  A hornet (D:8)
  Sigmund (D:3)
  2 wyverns
  A yak (D:8)
  An ice beast (D:6)
  An orc warrior (D:7)
  A sky beast (D:6)
  3 black bears
  3 ogres
  2 centaurs
  A phantom (D:7)
  3 kobold brigands
  2 bullfrogs
  3 necrophages
  A scorpion (D:7)
  6 wights
  Dowan (D:7)
  3 killer bees (D:9)
  2 howler monkeys
  A human zombie (D:4)
  2 centaur zombies (D:4)
  3 hounds (D:5)
  3 jellies
  3 orc priests
  A gnoll bouda (D:7)
  2 iguanas
  Terence (D:2)
  10 orc wizards
  3 scorpion zombies
  2 hound zombies
  2 howler monkey zombies
  A mummy (D:8)
  9 gnolls
  9 adders
  A shadow imp (D:7)
  5 ufetubi
  2 adder zombies (D:4)
  An adder skeleton (D:3)
  3 worms
  4 dart slugs
  43 orcs
  6 bats
  7 endoplasms
  5 giant cockroaches
  12 goblins
  9 hobgoblins
  6 jackals (D:1)
  8 quokkas
  8 ball pythons
  2 frilled lizards
  19 kobolds
  2 quokka zombies
  9 rats
242 creatures vanquished.

Vanquished Creatures (others)
  28 plants
  6 withered plants (D:3)
34 creatures vanquished.

Grand Total: 276 creatures vanquished

Notes
Turn   | Place    | Note
-------+----------+-------------------------------------------
     0 | D:1      | wormed the Spriggan Hunter began the quest for the Orb.
     0 | D:1      | Reached XP level 1. HP: 10/10 MP: 2/2
    88 | D:1      | Reached XP level 2. HP: 11/15 MP: 3/3
   453 | D:1      | Reached XP level 3. HP: 18/18 MP: 4/4
   503 | D:1      | Found a faded altar of an unknown god.
   763 | D:2      | Identified the +9 falchion of Iceufiha {vorpal, rElec rF-
                  | Int+5}
   900 | D:2      | Reached XP level 4. HP: 15/23 MP: 5/5
  1264 | D:2      | Identified the ring of Dattur {rPois Will+ Dex+3}
  1272 | D:2      | Noticed Terence
  1449 | D:2      | Killed Terence
  1450 | D:2      | Reached skill level 5 in Ranged Weapons
  1450 | D:2      | Reached XP level 5. HP: 27/27 MP: 6/6
  1900 | D:3      | Found a hide-covered altar of Uskayaw.
  2023 | D:3      | Noticed Sigmund
  2122 | D:3      | Killed Sigmund
  2123 | D:3      | Reached XP level 6. HP: 22/32 MP: 7/7
  2365 | D:3      | Found an iron altar of Okawaru.
  2447 | D:3      | Became a worshipper of Warmaster Okawaru
  2685 | D:3      | Reached skill level 5 in Dodging
  2685 | D:3      | Reached skill level 5 in Stealth
  2952 | D:3      | Found an ornate altar of the Wu Jian Council.
  3457 | D:4      | Reached XP level 7. HP: 33/36 MP: 8/8
  3974 | D:4      | Found a basalt altar of Yredelemnul.
  4053 | D:4      | Reached * piety under Okawaru
  4345 | D:5      | Entered Level 5 of the Dungeon
  4460 | D:5      | Found a bloodstained altar of Trog.
  4587 | D:5      | Reached XP level 8. HP: 42/42 MP: 9/9
  5214 | D:5      | Reached ** piety under Okawaru
  5337 | D:5      | Found a glowing silver altar of Zin.
  5389 | D:6      | Found a burning altar of Makhleb.
  5619 | D:6      | Found a staircase to the Ecumenical Temple.
  5931 | D:6      | Reached XP level 9. HP: 46/46 MP: 10/10
  5995 | D:6      | Reached *** piety under Okawaru
  6931 | D:7      | Noticed a kobold demonologist
  6931 | D:7      | Noticed a kobold demonologist
  6940 | D:7      | Noticed a kobold demonologist
  7067 | D:7      | Noticed a hellwing
  7104 | D:7      | Noticed a sixfirhy
  7110 | D:7      | Noticed an ice devil
  7505 | D:7      | Reached skill level 5 in Fighting
  7530 | D:7      | Noticed Dowan
  7534 | D:7      | Noticed Duvessa
  7552 | D:7      | Killed Dowan
  7734 | D:7      | Noticed Pikel
  7773 | D:8      | Found a snail-covered altar of Cheibriados.
  8102 | D:7      | Noticed a hellwing
  8152 | D:8      | Reached **** piety under Okawaru
  9032 | D:8      | Reached skill level 10 in Ranged Weapons
  9297 | D:9      | Reached skill level 10 in Stealth
  9307 | D:9      | Reached XP level 10. HP: 50/51 MP: 11/11
  9383 | D:9      | Slain by a killer bee

Illustrated notes

Levels and vault maps discovered:
D:1:      psy_arrival_basics, layout_rooms,
          hellmonk_ecumenical_altar_slurped_away, reono_crystal_passage,
          serial_bayou_pond_e, minmay_misc_feat_tiny
D:2:      layout_loops_cross, nrook_mini_backslash, uniq_terence
D:3:      layout_rooms, okawaru_altar_gauntlet_db,
          nicolae_wu_jian_glorious_leap, eat_drink_and_be_merry_uskayaw,
          serial_undead, serial_undead_a, serial_undead_e, serial_undead_d,
          serial_undead_f, serial_undead_c, serial_undead_b,
          chequers_serial_rivers_micro_a,
          nicolae_concentric_dashed_squares_wild,
          minmay_fractal_squares_gapless_5, uniq_sigmund
D:4:      layout_loops_corners, lemuel_mausoleum_altar_yredelemnul,
          kennysheep_small_square
D:5:      layout_loops_cross, trog_butcher_becter, mainiacjoe_overflow_alcove_2
D:6:      layout_gridville, bloody_makhleb, minmay_temple_entry_sparse_star,
          minmay_misc_feat_rugged, minmay_holes
D:7:      nicolae_cairo_tiling, layout_basic, grunt_ministairs_13,
          serial_bayou_lake_a, uniq_menkaure, uniq_duvessa, uniq_pikel
D:8:      layout_loops_ring, slow_altar_1, special_room [special_room_orc],
          enter_bailey_4, small_statue_intersection
D:9:      layout_big_octagon, uniq_harold

Skill      XL: |  1  2  3  4  5  6  7  8  9 10 |
---------------+-------------------------------+-----
Stealth        | 2 3 4 5 6 8 10 | 10.2
Dodging        | 3 4 5 6 7 8 9 |  9.0
Fighting       | 2 3 4 5 |  5.6
Ranged Weapons | 5 6 7 8 10 | 10.2

Action                   |  1- 3 |  4- 6 |  7- 9 | 10-12 || total
-------------------------+-------+-------+-------+-------++-------
 Fire: Shortbow          |   116 |   224 |   667 |    41 ||  1048
Invok: Heroism           |       |       |     1 |       ||     1
  Use: Scroll            |       |     4 |     3 |       ||     7
       Potion            |       |       |     5 |       ||     5
Armor: Robe              |     5 |     5 |    49 |     3 ||    62
Dodge: Dodged            |    47 |    72 |   352 |    90 ||   561
